AoeStats
← Mariscal_Lopez

Arabia

510422937Analyzed
1v1 RM · 3d ago on Sep 30, 2026· 42m 29s· 2 players
Game mode
Random Map
Map size
Tiny (2 player)
Population
200
Speed
Normal
Resources
Standard
Victory
Conquest
Starting age
Dark Age
Ending age
Imperial Age
RankedLock teamsTeams togetherTeam positionsShared explorationLock speedFull tech treeHidden civsTurbo modeCheats
Victory
Defeat
🇪🇨 Mongols · Ecuador
980
+15
🇵🇾 Wu · Paraguay
954
-15
Mariscal_Lopez
6:35 Loom
9:46 Feudal Age
10:56 Double-Bit Axe
11:35 Horse Collar
16:12 Gold Mining
21:35 Castle Age
22:07 Wheelbarrow
22:16 Stone Mining
22:45 Bow Saw
22:55 Fletching
23:56 Crossbowman
28:22 Bodkin Arrow
35:45 Imperial Age
34:14 Elite Skirmisher
36:31 Heavy Plow
37:15 Conscription
37:30 Padded Archer Armor
38:21 Arbalester
39:07 Bracer
42:06 Chemistry
40:42 Heavy Scorpion
41:21 Pikeman
42:10 Halberdier
Takipool19
5:20 Loom
8:48 Feudal Age
9:42 Double-Bit Axe
15:12 Horse Collar
21:56 Castle Age
20:20 Gold Mining
20:35 Stone Mining
20:53 Fletching
21:20 Padded Archer Armor
23:15 Wheelbarrow
24:12 Bow Saw
26:16 Bodkin Arrow
26:37 Leather Archer Armor
29:18 Bloodlines
29:09 Husbandry
31:01 Ballistics
33:51 Murder Holes
37:26 Imperial Age
35:57 Light Cavalry
37:54 Forging
37:50 Scale Barding Armor
38:40 Conscription
39:18 Conscription
Connection lost

Rejoining the realm…

Still unreachable

The connection could not be restored.

Session expired

The server has moved on; the page needs a fresh start.